 Dungeon Crawl Stone Soup version 0.30-a0-585-g93115170b9 (webtiles) character file.

Game seed: 1986280955364848898

179 Bnni the Vexing (level 5, -6/38 HPs)
             Began as a Formicid Hexslinger on Jan 2, 2023.
             Was an Initiate of Okawaru.
             Mangled by a gnoll
             ... wielding a +1 vampiric halberd
              (10 damage)
             ... on level 4 of the Dungeon.
             The game lasted 00:04:05 (2576 turns).

Bnni the Vexing (Formicid Hexslinger)               Turns: 2576, Time: 00:04:05

Health: -6/38      AC:  5    Str: 14    XL:     5   Next: 90%
Magic:  6/8        EV: 11    Int: 15    God:    Okawaru [......]
Gold:   197        SH:  5    Dex: 14    Spells: 0/8 levels left

rFire   + . .      SeeInvis +    a - +1 sling
rCold   . . .      Faith    .    (no shield)
rNeg    . . .      Spirit   .    z - +1 leather armour {rF+}
rPois   .          Reflect  +    (helmet unavailable)
rElec   .          Harm     .    s - +0 cloak
rCorr   .          Rampage  .    (no gloves)
Will    .....                    (no boots)
Stlth   +                        e - amulet of reflection
HPRegen 0.26/turn                (no ring)
MPRegen 0.11/turn                (no ring)

@: no status effects
A: permanent stasis, dig shafts and tunnels, antennae 3, four strong arms
a: Dig, Shaft Self, Renounce Religion


You were on level 4 of the Dungeon.
You worshipped Okawaru.
Okawaru was noncommittal.
You visited 1 branch of the dungeon, and saw 4 of its levels.

You collected 197 gold pieces.

Inventory:

Hand Weapons
 a - a +1 sling (weapon)
 p - the +7 quarterstaff of Mayhem {heavy, rElec rC+ Will+}
   (You took it off a hobgoblin on level 2 of the Dungeon)

   It deals dramatically more damage, but attacks with it are much slower.
   rC:        It protects you from cold.
   rElec:     It insulates you from electricity.
   Will:      It increases your willpower.
Armour
 c - a +0 robe
 s - a +0 cloak (worn)
 z - a +1 leather armour of fire resistance (worn)
Jewellery
 e - an amulet of reflection (around neck)
Wands
 t - a wand of digging (2)
 w - a wand of flame (20)
Scrolls
 b - a scroll of poison
 d - 2 scrolls of enchant weapon {unknown}
 g - 2 scrolls of vulnerability {unknown}
 h - 2 scrolls of teleportation {unknown}
 i - 4 scrolls of identify {unknown}
 n - 3 scrolls of blinking {unknown}
 o - 2 scrolls of immolation {unknown}
 q - 2 scrolls of magic mapping {unknown}
 r - a scroll of brand weapon {unknown}
 u - a scroll of noise {unknown}
 y - a scroll of fog {unknown}
Potions
 f - a potion of invisibility {unknown}
 j - a potion of haste {unknown}
 k - a potion of lignification {unknown}
 l - a potion of berserk rage {unknown}
 m - 2 potions of curing {unknown}
 v - a potion of heal wounds {unknown}
 x - a potion of flight {unknown}


   Skills:
 + Level 2.2 Fighting
 * Level 3.4 Ranged Weapons
 + Level 0.2 Armour
 - Level 1.7 Dodging
 + Level 2.1 Spellcasting
 * Level 4.9 Hexes
 + Level 1.5 Fire Magic


You couldn't memorise any spells.
You knew the following spells:

 Your Spells              Type           Power      Damage    Failure   Level
a - Slow                  Hex            64%        N/A       3%          1
b - Inner Flame           Hex/Fire       11%        N/A       22%         3
d - Cause Fear            Hex            8%         N/A       36%         4

Your spell library contained the following spells:

 Spells                   Type           Power      Damage    Failure   Level
 Portal Projectile        Hex/Tloc       18%        N/A       30%         3


Dungeon Overview and Level Annotations

Branches:
Dungeon (4/15)
 Temple: D:4-7

Altars:
Ashenzari
Okawaru
Vehumet

Shops:
D:2 (   D:4 :

Annotations:
D:4 3 runed translucent doors, WasteTime5's ghost, amateur GnHu


Innate Abilities, Weirdness & Mutations

You cannot be hasted, slowed, berserked, paralysed or teleported.
You can dig through walls and to a lower floor.
You have a pair of large antennae on your head. (SInv)
Your four strong arms can wield two-handed weapons with a shield.


Message History

Press: ? - help, Shift-Dir - straight line, f/p - gnoll
Aim: a gnoll, wielding a +1 vampiric halberd (moderately wounded, inner flame, 63% to hit)
You shoot a sling bullet. The sling bullet hits the gnoll.
The gnoll is heavily wounded.
The gnoll hits you from afar with a +1 vampiric halberd!
The gnoll barely misses you. The gnoll hits you with a +0 club.
The gnoll hits you from afar with a +1 vampiric halberd.
* * * LOW HITPOINT WARNING * * *
The gnoll draws strength from your wounds!
Fire: a) +1 sling
Press: ? - help, Shift-Dir - straight line, f/p - gnoll
Aim: a gnoll, wielding a +1 vampiric halberd (moderately wounded, inner flame, 63% to hit)
You shoot a sling bullet. The sling bullet hits the gnoll.
The gnoll is severely wounded.
The gnoll barely misses you. You block the gnoll's attack.
Fire: a) +1 sling
Press: ? - help, Shift-Dir - straight line, f/p - gnoll
Aim: a gnoll, wielding a +1 vampiric halberd (moderately wounded, inner flame, 63% to hit)
You shoot a sling bullet.
The sling bullet closely misses the gnoll.
The sling bullet barely misses the gnoll.
You block the gnoll's attack. The gnoll hits you with a +0 club.
* * * LOW HITPOINT WARNING * * *
Fire: a) +1 sling
Press: ? - help, Shift-Dir - straight line, f/p - gnoll
Aim: a gnoll, wielding a +1 vampiric halberd (moderately wounded, inner flame, 63% to hit)
You shoot a sling bullet. The sling bullet hits the gnoll.
The gnoll is almost dead.
You block the gnoll's attack. The gnoll hits you with a +0 club.
* * * LOW HITPOINT WARNING * * *
Fire: a) +1 sling
Press: ? - help, Shift-Dir - straight line, f/p - gnoll
Aim: a gnoll, wielding a +1 vampiric halberd (moderately wounded, inner flame, 63% to hit)
You shoot a sling bullet.
The sling bullet barely misses the gnoll.
The sling bullet hits the gnoll but does no damage.
The gnoll is moderately wounded.
The gnoll closely misses you.
The gnoll hits you but does no damage. x2
The gnoll hits you from afar with a +1 vampiric halberd!
You die...

#....# #.##..#.
#....##.#.##>...
#######)...##.#.##.###
#..........##.#.##.#
#####.##.#.##.#.##.#
#...............##.###
#####g##.#.##.#.##....
#g##.#.##.........
#@##.#..........##
#.##.####.#.##..+.
#.##.# #.#.##..##
#.##.# #.#.##....
#.##.. .......... #.#
.......... #.#
##.#.##.##. #.#
#.#.##.##. ##.#.......


You could see 2 gnolls.

Vanquished Creatures
  Crazy Yiuf (D:2)
  Jessica (D:3)
  A gnoll (D:4)
  5 adders
  An ufetubus (D:4)
  A worm (D:3)
  9 orcs
  3 ball pythons
  2 bats
  4 endoplasms
  A giant cockroach (D:3)
  3 goblins
  6 hobgoblins
  2 jackals (D:1)
  3 quokkas
  7 kobolds
  6 rats
56 creatures vanquished.

Vanquished Creatures (others)
  3 fungi (D:2)
3 creatures vanquished.

Grand Total: 59 creatures vanquished

Notes
Turn   | Place    | Note
-------+----------+-------------------------------------------
     0 | D:1      | Bnni the Formicid Hexslinger began the quest for the Orb.
     0 | D:1      | Reached XP level 1. HP: 15/15 MP: 2/2
   138 | D:1      | Reached XP level 2. HP: 21/21 MP: 3/3
   218 | D:1      | Reached skill level 4 in Hexes
   371 | D:1      | Reached XP level 3. HP: 26/26 MP: 5/5
   375 | D:1      | Learned a level 3 spell: Inner Flame
   514 | D:2      | Identified the +7 quarterstaff of Mayhem {heavy, rElec rC+
                  | Will+}
   629 | D:2      | Reached XP level 4. HP: 28/32 MP: 6/6
   681 | D:2      | Found a runed translucent door.
   682 | D:2      | Noticed Crazy Yiuf
   698 | D:2      | Killed Crazy Yiuf
   699 | D:2      | Reached skill level 1 in Fire Magic
   908 | D:2      | Found Umemal's Antique Weapon Boutique.
  1064 | D:3      | Noticed Jessica
  1071 | D:3      | Killed Jessica
  1072 | D:3      | Reached XP level 5. HP: 28/38 MP: 7/7
  1150 | D:3      | Found a radiant altar of Vehumet.
  1194 | D:3      | Learned a level 4 spell: Cause Fear
  1466 | D:3      | Found a broken altar of Ashenzari.
  1876 | D:4      | Found Eriuj's Vocational Training.
  1973 | D:4      | Identified the +3 chain mail of Fun and Games {Dex+2}
  2262 | D:4      | Found an iron altar of Okawaru.
  2282 | D:4      | Became a worshipper of Warmaster Okawaru
  2324 | D:4      | Found a runed translucent gate.
  2324 | D:4      | Found a runed translucent gate.
  2324 | D:4      | Found a runed translucent gate.
  2325 | D:4      | Noticed WasteTime5's ghost (amateur GnHu)
  2576 | D:4      | Mangled by a gnoll

Illustrated notes

Levels and vault maps discovered:
D:1:      lemuel_arrival_muddy, layout_rooms, chequers_avenue
D:2:      layout_rooms, serial_shops, nicolae_shop_statue_plus,
          grunt_ministairs_9, uniq_crazy_yiuf_cottage
D:3:      layout_loops_ring, vehumet_altar_wand_db,
          nicolae_ashenzari_panopticon, uniq_jessica
D:4:      layout_basic, mainiacjoe_overflow_surrounded_room,
          minmay_temple_entry_enclosed_plants, gammafunk_ghost_necromancy,
          nicolae_shop_vocational

Skill      XL: |  1  2  3  4  5 |
---------------+----------------+-----
Hexes          | 4 |  4.9
Ranged Weapons | 3 |  3.4
Fire Magic     | 1 |  1.5
Fighting       | 2 |  2.2
Spellcasting   | 2 |  2.1
Armour         | |  0.2
Dodging        | |  1.7

Action                   |  1- 3 |  4- 6 || total
-------------------------+-------+-------++-------
Melee: Quarterstaff      |     2 |       ||     2
 Fire: Sling             |    78 |   138 ||   216
 Cast: Slow              |     1 |     4 ||     5
       Inner Flame       |       |     3 ||     3
Armor: Robe              |     1 |     8 ||     9
       Leather armour    |       |     4 ||     4
Dodge: Dodged            |    17 |    38 ||    55
Block: Other             |     4 |    20 ||    24
       Reflection        |       |     1 ||     1

Table legend: (Time is in decaauts)
 A = Elapsed time spent in this place.
 B = Non-inter-level travel time spent in this place.
 C = Inter-level travel time spent in this place.
 D = Time resting spent in this place.
 E = Time spent auto-exploring this place.
 F = Levels seen in this place.
 G = Mean time per level.
                   A        B        C        D        E       F      G
               +--------+--------+--------+--------+--------+-----+--------+
         Total |   2635 |   2587 |     48 |    165 |   1930 |   4 |  658.8 |
       Dungeon |   2635 |   2587 |     48 |    165 |   1930 |   4 |  658.8 |
               +--------+--------+--------+--------+--------+-----+--------+

Top non-repeatable levels by time:
     D:4: 783 daAuts
     D:3: 769 daAuts
     D:2: 600 daAuts
     D:1: 482 daAuts
